 Dungeon Crawl Stone Soup version 0.28.0-45-g0d030f2227 (webtiles) character file.

Game seed: 2716766350503195067

35 Gabide the Chucker (level 3, -3/29 HPs)
             Began as a Barachi Hunter on Apr 20, 2022.
             Succumbed to a scorpion's poison
             ... on level 2 of the Dungeon.
             The game lasted 00:03:22 (1181 turns).

Gabide the Chucker (Barachi Hunter)                 Turns: 1181, Time: 00:03:23

Health: -3/29      AC:  4    Str: 15    XL:     3   Next: 33%
Magic:  3/3        EV: 12    Int: 11    God:
Gold:   80         SH:  0    Dex: 12    Spells: 2/2 levels left

rFire   . . .      SeeInvis .   a - +0 short sword
rCold   . . .      Faith    .   (no shield)
rNeg    . . .      Spirit   .   b - +0 leather armour
rPois   .          Reflect  .   (no helmet)
rElec   .          Harm     .   g - +0 cloak
rCorr   .          Rampage  .   (no gloves)
Will    .....                   (no boots)
Stlth   +.........              (no amulet)
HPRegen 0.09/turn               (no ring)
MPRegen 0.08/turn               (no ring)

@: lethally poisoned (-3 -> -24), unable to hop, slow
A: amphibious, slowness 1, strong legs 1, +LOS
a: Hop


You were on level 2 of the Dungeon.
You visited 1 branch of the dungeon, and saw 2 of its levels.

You collected 80 gold pieces.

Inventory:

Hand Weapons
 a - a +0 short sword (weapon)
Armour
 b - a +0 leather armour (worn)
 g - a +0 cloak (worn)
Scrolls
 c - 2 scrolls of identify {unknown}
 e - a scroll of fog {unknown}
 i - a scroll of teleportation {unknown}
 j - a scroll of brand weapon {unknown}
 l - a scroll of immolation {unknown}
 o - a scroll of fear {unknown}
Potions
 h - a potion of lignification {unknown}
 k - a potion of brilliance {unknown}
 m - a potion of curing {unknown}
 n - a potion of might {unknown}


   Skills:
 * Level 3.1 Fighting
 * Level 4.3 Throwing
 * Level 2.7 Dodging
 + Level 1.2 Stealth


You had 2 spell levels left.
You didn't know any spells.
Your spell library contained the following spells:

 Spells                   Type           Power      Damage    Failure   Level
 Beastly Appendage        Tmut           0%         N/A       41%         1
 Wereblood                Tmut           0%         N/A       54%         2
 Spider Form              Tmut/Pois      0%         N/A       78%         3
 Animate Dead             Necr           0%         N/A       99%         4
 Haunt                    Necr/Summ      0%         N/A       100%        7
 Infestation              Necr           0%         N/A       100%        8


Dungeon Overview and Level Annotations

Branches:
Dungeon (2/15)

Altars:


Innate Abilities, Weirdness & Mutations

You are amphibious.
You cover ground slowly.
You can hop short distances.
You have an extended range of vision and can be seen from far away.


Message History

The scorpion is caught in the net!
The scorpion is lightly wounded.
You hit the scorpion but do no damage.
The scorpion is lightly wounded.
The scorpion struggles against the net. x2
You hit the scorpion but do no damage.
The scorpion is lightly wounded.
The scorpion struggles against the net.
You hit the scorpion but do no damage. You punch the scorpion.
The scorpion is moderately wounded.
The scorpion struggles against the net.
The net rips apart, and the scorpion comes free!
You barely miss the scorpion.
The scorpion is moderately wounded.
The scorpion closely misses you. The scorpion misses you.
Throw: javelin
Press: ? - help, Q - select action, (/) - cycle Shift-Dir - straight line, f/p - scorpion
Aim: a scorpion (moderately wounded, 60% to hit)
You throw a javelin.
The javelin pierces through the scorpion!
The scorpion is almost dead.
The javelin pierces through the ball python.
The ball python is severely wounded.
The scorpion stings you.
You hit the scorpion but do no damage.
The scorpion is almost dead.
The scorpion barely misses you.
You hit the scorpion but do no damage.
The scorpion is almost dead.
You are ready to hop once more.
The scorpion stings you.
You are lethally poisoned!
The scorpion poisons you! The scorpion stings you!
* * * LOW HITPOINT WARNING * * *
You are more poisoned.
The scorpion poisons you!
Hop to where?
Press: ? - help, Dir - move target, p - scorpion Boing!
You die...

#.##.# #.# .#.g. . #.##.# #.#
#.#.#.# . #.##.###.###.#.#.#..
#.....☼sS....†(.....
.############.....##............
..............##..#######.##.^##
#####.##.####.#.(.# #.# ....
#.##.# #.#÷#.# #.# #.## #.##.#
#..@.<# #.# #.# #.##.# ###.###
#.# #.# #.##.# #.# #.# #.#
#.##.# #.# #.# #.# #.##.######.#
#.# #.# #.##........# #.###.#
.#####.##.######## #.##..##
..........# #......# .####..##.#
####.#.#


There were no monsters in sight!

Vanquished Creatures
  2 bats
  An endoplasm (D:1)
  7 goblins
  4 hobgoblins
  2 jackals (D:1)
  2 kobolds (D:1)
  A quokka (D:1)
  4 ball pythons
  3 frilled lizards
  6 rats
32 creatures vanquished.

Notes
Turn   | Place    | Note
-------+----------+-------------------------------------------
     0 | D:1      | Gabide the Barachi Hunter began the quest for the Orb.
     0 | D:1      | Reached XP level 1. HP: 17/17 MP: 1/1
    77 | D:1      | Reached skill level 1 in Stealth
    92 | D:1      | Reached XP level 2. HP: 23/23 MP: 2/2
   428 | D:1      | Found a faded altar of an unknown god.
   696 | D:1      | Reached XP level 3. HP: 29/29 MP: 3/3
  1158 | D:2      | Noticed a scorpion
  1181 | D:2      | Succumbed to a scorpion's poison

Illustrated notes

Levels and vault maps discovered:
D:1:      dpeg_arrival_arbitrary_a, layout_basic,
          shapermc_ecumenical_altar_totnotflames
D:2:      layout_loops_ring, basic_altar

Skill      XL: |  1  2 |
---------------+-------+-----
Stealth        | 1 |  1.2
Fighting       | 3 |  3.1
Throwing       | |  4.3
Dodging        | |  2.7

Action                   || total
-------------------------++-------
Melee: Short sword       ||    81
       Punch             ||     2
Throw: Javelin           ||    18
       Throwing net      ||     2
 Abil: Hop               ||     2
 Stab: Sleeping          ||     1
Armor: Leather armour    ||    25
Dodge: Dodged            ||    56
